 Dungeon Crawl Stone Soup version 0.28-a0-643-g84cb2ea78e (webtiles) character file.

Game seed: 8688791420544394854

976 lawman0 the Cleaver (level 7, -3/57 HPs)
             Began as a Palentonga Berserker on Oct 10, 2021.
             Was a Priest of Trog.
             Splashed by a jelly's acid (5 damage)
             ... on level 5 of the Dungeon.
             The game lasted 00:05:03 (4433 turns).

lawman0 the Cleaver (Palentonga Berserker)          Turns: 4433, Time: 00:05:04

Health: -3/57      AC: -4    Str: 27    XL:     7   Next: 95%
Magic:  7/7        EV:  9    Int:  7    God:    Trog [***...]
Gold:   206        SH:  0    Dex: 11    Spells: 6/6 levels left

rFire   . . .      SeeInvis +   a - +0 hand axe
rCold   . . .      Faith    .   (no shield)
rNeg    . . .      Spirit   .   l - +0 ring mail
rPois   .          Reflect  .   k - +0 helmet
rElec   .          Harm     .   (no cloak)
rCorr   .          Rampage  .   (no gloves)
Will    .....                   (no barding)
Stlth   +.........              i - amulet of the acrobat
HPRegen 0.19/turn               g - +6 ring of strength
MPRegen 0.10/turn               m - ring of flight

@: corroded, flying
A: large, rugged brown scales 3, see invisible, deformed body, roll 1, armoured
tail, reflexive curl
a: Rolling Charge, Renounce Religion, Berserk, Trog's Hand


You were on level 5 of the Dungeon.
You worshipped Trog.
Trog was most pleased with you.
You visited 1 branch of the dungeon, and saw 5 of its levels.

You collected 206 gold pieces.

Inventory:

Hand Weapons
 a - a +0 hand axe (weapon)
 b - a +0 shortbow
Missiles
 e - 2 datura-tipped darts
 n - 130 arrows
 z - 24 bolts
 A - 2 atropa-tipped darts
Armour
 k - a +0 helmet (worn)
 l - a +0 ring mail (worn)
Jewellery
 g - a +6 ring of strength (left hand)
 i - an amulet of the acrobat (around neck)
 m - a ring of flight (right hand)
 u - a ring of positive energy
Wands
 f - a wand of flame (11)
 p - a wand of polymorph (9)
Scrolls
 c - 2 scrolls of enchant armour
 d - 2 scrolls of torment
 o - 3 scrolls of fear {unknown}
 r - a scroll of holy word
 s - a scroll of brand weapon {unknown}
 w - a scroll of acquirement {unknown}
 y - a scroll of magic mapping {unknown}
 B - a scroll of amnesia {unknown}
Potions
 h - 2 potions of attraction {unknown}
 j - 2 potions of degeneration {unknown}
 q - 3 potions of might {unknown}
 t - 2 potions of cancellation {unknown}
 v - a potion of lignification {unknown}
 x - a potion of flight {unknown}


   Skills:
 + Level 4.0 Fighting
 * Level 8.1 Axes
 + Level 0.5 Bows
 + Level 3.0 Armour
 + Level 2.7 Dodging
 + Level 0.2 Stealth


You had 6 spell levels left.
You didn't know any spells.
Your spell library was empty.

Dungeon Overview and Level Annotations

Branches:
Dungeon (5/15)
 Temple: D:4-7

Altars:
Uskayaw
Wu Jian
Yredelemnul


Innate Abilities, Weirdness & Mutations

You are completely covered in rugged brown scales. (AC +3, +7% HP)
You have supernaturally acute eyesight. (SInv)
Armour fits poorly on your strangely shaped body.
You can roll at nearby foes to attack.
You have a long armoured tail.
You curl defensively after being hit.


Message History

No target in view!
No target in view!
You now have 206 gold pieces (gained 3).
A jelly comes into view.
The jelly quivers.
A jelly is nearby!
The jelly jiggles.
A jelly is nearby!
The jelly closely misses you.
You hit the jelly. The acid corrodes you!
Your hands burn!
Your tail-slap misses the jelly.
The jelly is moderately wounded.
The jelly barely misses you.
You slash the jelly!
Your hands burn!
The jelly is almost dead.
The jelly hits you. The acid corrodes you!
You are splashed with acid!
You hit the jelly but do no damage.
Your hands burn!
The jelly is almost dead.
The jelly hits you. The acid corrodes you!
You are splashed with acid!
You are too injured to fight recklessly!
You hit the jelly but do no damage.
Your hands burn!
The jelly is almost dead.
The jelly hits you.
You are splashed with acid!
* * * LOW HITPOINT WARNING * * *
You are too injured to fight recklessly!
You hit the jelly but do no damage.
Your hands burn!
* * * LOW HITPOINT WARNING * * *
The jelly is almost dead.
The jelly barely misses you.
Unknown command.
You hit the jelly but do no damage.
Your hands burn!
* * * LOW HITPOINT WARNING * * *
The jelly is almost dead.
The jelly barely misses you.
Unknown command.
Okay, then.
Okay, then.
Okay, then.
You hit the jelly but do no damage.
Your hands burn!
You die...

..........##....#...
........................
................#....#..
.......)..........#.....
..................#...#.
#...................#...
#..................#..#
#...J.................
#...@.........#######
###.....####### #####
##..#..# #....
#####.########....
##.............
##..###......... #...
##...# ######.... #...#
#...## #.... #....#
##..## #....


You could see a jelly.

Vanquished Creatures
  Sigmund (D:3)
  Purgy (D:3)
  A centaur (D:3)
  A necrophage (D:5)
  An ogre (D:5)
  2 scorpions (D:4)
  A bullfrog zombie (D:5)
  2 hounds (D:4)
  Ijyb (D:3)
  An orc wizard (D:3)
  Robin (D:2)
  8 adders
  An ufetubus (D:5)
  5 worms
  3 dart slugs
  5 orcs
  7 ball pythons
  10 endoplasms
  14 goblins
  8 hobgoblins
  8 kobolds
  4 quokkas
  7 bats
  2 frilled lizards (D:1)
  8 rats
103 creatures vanquished.

Notes
Turn   | Place    | Note
-------+----------+-------------------------------------------
     0 | D:1      | lawman0 the Palentonga Berserker began the quest for the
                  | Orb.
     0 | D:1      | Reached XP level 1. HP: 19/19 MP: 1/1
   114 | D:1      | Found a faded altar of an unknown god.
   275 | D:1      | Reached XP level 2. HP: 25/25 MP: 2/2
  1027 | D:2      | Reached ** piety under Trog
  1030 | D:2      | Reached XP level 3. HP: 31/31 MP: 3/3
  1364 | D:2      | Reached skill level 4 in Axes
  1456 | D:2      | Noticed Robin
  1471 | D:2      | Reached XP level 4. HP: 14/37 MP: 4/4
  1474 | D:2      | Killed Robin
  2149 | D:3      | Noticed a centaur
  2156 | D:3      | Killed a centaur
  2157 | D:3      | Reached skill level 5 in Axes
  2157 | D:3      | Reached XP level 5. HP: 43/43 MP: 5/5
  2468 | D:3      | Noticed Purgy
  2480 | D:3      | Killed Purgy
  2481 | D:3      | Reached XP level 6. HP: 47/50 MP: 6/6
  2628 | D:3      | Reached skill level 6 in Axes
  2634 | D:3      | Reached *** piety under Trog
  2668 | D:3      | Found an ornate altar of the Wu Jian Council.
  2669 | D:3      | Noticed Sigmund
  2809 | D:3      | Noticed Ijyb
  2824 | D:3      | Killed Ijyb
  3138 | D:3      | Killed Sigmund
  3139 | D:3      | Gained mutation: You curl defensively after being hit.
                  | [Palentonga growth]
  3139 | D:3      | Reached XP level 7. HP: 56/56 MP: 7/7
  3248 | D:4      | Reached skill level 7 in Axes
  3836 | D:4      | Found a hide-covered altar of Uskayaw.
  3960 | D:4      | Found a basalt altar of Yredelemnul.
  4039 | D:5      | Entered Level 5 of the Dungeon
  4286 | D:5      | Reached skill level 8 in Axes
  4432 | D:5      | HP: 2/57 [acid (5)]
  4433 | D:5      | Splashed by a jelly's acid

Illustrated notes

Levels and vault maps discovered:
D:1:      lemuel_arrival_broad_hall, layout_loops_ring,
          shapermc_ecumenical_altar_starsandcircs, minmay_pentomino_z2
D:2:      layout_rooms, kennysheep_generic_room_13, uniq_robin
D:3:      layout_loops_cross, nicolae_wu_jian_wuxing_cycle, minmay_statues_item,
          corner_web_ring, chequers_serial_rivers_room_a, minmay_quantized,
          uniq_purgy, uniq_ijyb, uniq_sigmund
D:4:      layout_cave_pools, mainiacjoe_overflow_concentric_impassable,
          kennysheep_mini_moat, minmay_misc_feat_five, minmay_vboxes
D:5:      layout_cave_pods, serial_glass, glass_columns_a, glass_columns_a,
          item_on_display_a, item_on_display_a, hangedman_decor_peaks_small,
          kennysheep_generic_room_6

Skill      XL: |  1  2  3  4  5  6  7 |
---------------+----------------------+-----
Axes           | 4 5 6 8 |  8.1
Dodging        | 2 |  2.7
Armour         | 2 3 |  3.0
Fighting       | 4 |  4.0
Bows           | |  0.5
Stealth        | |  0.2

Action                   |  1- 3 |  4- 6 |  7- 9 || total
-------------------------+-------+-------+-------++-------
Melee: Hand axe          |    99 |    82 |    92 ||   273
       Tailslap          |     4 |    10 |    19 ||    33
 Fire: Shortbow          |       |     4 |     1 ||     5
Invok: Berserk           |     5 |     6 |     2 ||    13
 Abil: Rolling Charge    |       |     1 |       ||     1
  Use: Scroll            |       |     4 |     1 ||     5
Armor: Animal skin       |    40 |     2 |       ||    42
       Ring mail         |       |    32 |    30 ||    62
Dodge: Dodged            |    77 |    47 |    47 ||   171

Table legend: (Time is in decaauts)
 A = Elapsed time spent in this place.
 B = Non-inter-level travel time spent in this place.
 C = Inter-level travel time spent in this place.
 D = Time resting spent in this place.
 E = Time spent auto-exploring this place.
 F = Levels seen in this place.
 G = Mean time per level.
                   A        B        C        D        E       F      G
               +--------+--------+--------+--------+--------+-----+--------+
         Total |   4537 |   4378 |    159 |    714 |   2912 |   5 |  907.4 |
       Dungeon |   4537 |   4378 |    159 |    714 |   2912 |   5 |  907.4 |
               +--------+--------+--------+--------+--------+-----+--------+

Top non-repeatable levels by time:
     D:2: 1167 daAuts
     D:1: 1085 daAuts
     D:3: 1083 daAuts
     D:4: 810 daAuts
     D:5: 390 daAuts
